 Dungeon Crawl Stone Soup version 0.19.4-8-ga85b6b9 (webtiles) character file.

366 Naow the Chopper (level 7, -1/52 HPs)
             Began as a Formicid Fighter on Feb 11, 2017.
             Slain by an orc warrior
             ... wielding a cursed +0 hand axe
              (7 damage)
             ... on level 4 of the Dungeon.
             The game lasted 00:05:32 (5037 turns).

Naow the Chopper (Formicid Fighter)                 Turns: 5037, Time: 00:05:32

Health: -1/52      AC:  6    Str: 28    XL:     7   Next: 1%
Magic:  7/7        EV:  8    Int:  7    God:
Gold:   144        SH: 10    Dex: 10    Spells: 0 memorised, 6 levels left

rFire  . . .     SeeInvis +     a - +0 war axe
rCold  . . .     Gourm    .     b - +0 scale mail
rNeg   . . .     Faith    .     c - +0 shield
rPois  .         Spirit   .     (helmet unavailable)
rElec  .         Reflect  .     (no cloak)
rCorr  .         Harm     .     (no gloves)
MR     .....                    (no boots)
Stlth  ..........               (no amulet)
                                (no ring)
                                (no ring)

@: mighty, drained
A: permanent stasis, dig shafts and tunnels, four strong arms, antennae 3
a: Dig, Shaft Self


You were on level 4 of the Dungeon.
You were very hungry.

You visited 1 branch of the dungeon, and saw 4 of its levels.

You collected 144 gold pieces.

Inventory:

Hand Weapons
 a - a +0 war axe (weapon)
Armour
 b - a +0 scale mail (worn)
 c - a +0 shield (worn)
Jewellery
 e - a cursed +4 ring of evasion {unknown}
Scrolls
 g - 2 scrolls of blinking {unknown}
 h - 2 scrolls of amnesia {unknown}
 i - a scroll of identify {unknown}
 j - a scroll of remove curse {unknown}
 n - 2 scrolls of fog {unknown}
 o - a scroll of enchant weapon {unknown}
 q - 2 scrolls of teleportation {unknown}
Potions
 k - a potion of experience {unknown}
 l - a potion of ambrosia
 m - 5 potions of curing {unknown}
 r - a potion of lignification {unknown}
 s - a potion of haste {unknown}
Comestibles
 f - 5 bread rations
 p - a slice of pizza


   Skills:
 - Level 3.2(2.7) Fighting
 * Level 5.9(5.4) Axes
 - Level 3.2(2.7) Armour
 + Level 5.5(4.9) Shields


You had 6 spell levels left.
You didn't know any spells.

Dungeon Overview and Level Annotations

Branches:
Dungeon (4/15)
 Temple: D:4-7

Altars:


Innate Abilities, Weirdness & Mutations

You are under a permanent stasis effect.
You can dig through walls and to a lower floor.
Your four strong arms can wield two-handed weapons with a shield.
You have a pair of large antennae on your head. (SInv)


Message History

The orc warrior is healed somewhat.
The orc priest invokes the aid of Beogh against you.
Beogh smites you!
* * * LOW HITPOINT WARNING * * *
You feel very mighty all of a sudden. You block the orc warrior's attack.
You closely miss the orc warrior. You block the orc warrior's attack.
You slash the orc warrior!
The orc warrior is heavily wounded.
The orc warrior hits you with a hand axe!
* * * LOW HITPOINT WARNING * * *
You hit the orc warrior.
The orc warrior is heavily wounded.
You block the orc warrior's attack.
The orc priest calls upon Beogh to heal the orc warrior.
The orc warrior is healed somewhat.
You hit the orc warrior but do no damage.
The orc warrior is heavily wounded.
The orc warrior hits you with a hand axe!
You die...

.........#.##
..........#.###########
#..###...###..........#
#..# #....#...#######.#
#..# #.....##.# #.#
#..# ##.....#.# #.#
...# #####[#.# #.# #.##
#.#.#######.# (.#
#.#...@oo##.# ..#
#.######.##.# ..# #.#
#.##.# ..# #.# #.##.#
..# #.# #o##.# ..# #.#
#.##.# ..#########.#
#.##.# ............#
#.##.# .........<.##
##.##.#


You could see an orc warrior and an orc priest.

Vanquished Creatures
  The ghost of Naow the Firebug, an amateur DEFE (D:3)
  A worker ant (D:4)
  A hound skeleton (D:4)
  3 gnolls (D:4)
  14 adders
  2 worms (D:3)
  3 dart slugs
  4 leopard geckos
  3 orcs (D:3)
  9 bats
  6 giant cockroaches
  7 goblins
  5 hobgoblins
  12 jackals
  2 quokkas
  6 ball pythons
  4 frilled lizards
  7 kobolds
  5 rats
95 creatures vanquished.

Notes
Turn   | Place    | Note
-------+----------+-------------------------------------------
     0 | D:1      | Naow the Formicid Fighter began the quest for the Orb.
     0 | D:1      | Reached XP level 1. HP: 18/18 MP: 1/1
   183 | D:1      | Reached XP level 2. HP: 21/24 MP: 2/2
   470 | D:1      | Reached XP level 3. HP: 27/29 MP: 3/3
  1248 | D:2      | Reached XP level 4. HP: 20/35 MP: 4/4
  1684 | D:3      | Noticed Naow's ghost (amateur DEFE)
  2605 | D:3      | Reached XP level 5. HP: 31/41 MP: 5/5
  3380 | D:3      | Reached skill level 5 in Axes
  3435 | D:3      | Killed Naow's ghost
  3435 | D:3      | Reached skill level 5 in Shields
  3435 | D:3      | Reached XP level 6. HP: 14/47 MP: 6/6
  4405 | D:4      | Noticed an orc warrior
  4802 | D:4      | Reached XP level 7. HP: 45/52 MP: 7/7
  5037 | D:4      | Slain by an orc warrior

Skill      XL: |  1  2  3  4  5 |
---------------+----------------+-----
Axes           | 3 4 5 |  5.9
Shields        | 4 5 |  5.5
Fighting       | |  3.2
Armour         | |  3.2

Action                   |  1- 3 |  4- 6 |  7- 9 || total
-------------------------+-------+-------+-------++-------
Melee: War axe           |   110 |   278 |     6 ||   394
  Use: Potion            |       |     1 |     1 ||     2
  Eat: Chunk             |     1 |     7 |       ||     8
       Bread ration      |       |     1 |       ||     1
Armor: Scale mail        |    53 |   111 |       ||   164
Dodge: Dodged            |    46 |    98 |       ||   144
Block: Shield            |    65 |   173 |     4 ||   242
